 Dungeon Crawl Stone Soup version 0.26-a0-668-gd58323b419 (webtiles) character file.

Game seed: 12564158979248528321

146865 grandjackal the Eternal Night (level 16, -10/136 HPs)
             Began as a Demonspawn Gladiator on Oct 18, 2020.
             Was the Champion of Dithmenos.
             Killed from afar by a Hell Sentinel (42 damage)
             ... with an iron shot
             ... on level 2 of the Elven Halls.
             The game lasted 00:47:46 (32185 turns).

grandjackal the Eternal Night (DsGl)               Turns: 32185, Time: 00:47:46

Health: -10/136    AC: 13    Str: 21    XL:     16   Next: 90%
Magic:  0/30       EV: 21    Int: 12    God:    Dithmenos [******]
Gold:   3183       SH: 17    Dex: 21    Spells: 15/15 levels left

rFire    + . .     SeeInvis .   X - +7 Screaming Sword {vorpal, sonic wave}
rCold    + . .     Faith    .   C - +0 kite shield {rPois}
rNeg     . . .     Spirit   +   V - +1 leather armour of Conscience {Int+2 Dex+6 Stlth+}
rPois    +         Reflect  +   (helmet unavailable)
rElec    .         Harm     .   a - +2 cloak {rCorr}
rCorr    +         Rampage  .   q - +2 pair of gloves
MR       +....                  u - +0 pair of boots
Stlth    +++++.....             J - amulet of reflection
HPRegen  0.32/turn              j - ring of protection from fire
MPRegen  0.44/turn              N - ring of Attitude {rC+ rCorr}

@: about to teleport, flying (expiring), slowed, wreathed by umbra, studying
Dodging, very slow
A: horns 3, iridescent scales 1, powered by pain 1, magic shield, magic
regeneration, magic link
a: Shadow Step, Shadow Form, Renounce Religion


You were on level 2 of the Elven Halls.
You worshipped Dithmenos.
Dithmenos was exalted by your worship.
You visited 4 branches of the dungeon, and saw 25 of its levels.
You visited the Abyss 1 time.
You visited 1 bazaar.
You also visited: Volcano.

You collected 4046 gold pieces.
You spent 863 gold pieces at shops.

Inventory:

Hand Weapons
 c - a +2 scimitar of flaming
 f - a +0 double sword
 F - a +4 dagger
 X - the +7 Screaming Sword (weapon) {vorpal, sonic wave}
   (You found it on level 11 of the Dungeon)

   It inflicts extra damage upon your enemies.
Missiles
 d - 2 throwing nets (quivered)
 m - 29 curare-tipped darts
Armour
 a - a +2 cloak of preservation (worn)
 q - a +2 pair of gloves (worn)
 u - a +0 pair of boots (worn)
 C - a +0 kite shield of poison resistance (worn)
 V - the +1 leather armour of Conscience (worn) {Int+2 Dex+6 Stlth+}
   (You found it on level 11 of the Dungeon)

   It affects your intelligence (+2).
   It affects your dexterity (+6).
   It makes you more stealthy.
 Y - a +2 chain mail of fire resistance
Jewellery
 j - a ring of protection from fire (left hand)
 J - an amulet of reflection (around neck)
 N - the ring of Attitude (right hand) {rC+ rCorr}
   (You acquired it on level 9 of the Dungeon)

   [ring of resist corrosion]

   It protects you from cold.
   It provides partial protection from all sources of acid and corrosion.
 Q - an uncursed ring of protection from cold
 S - an uncursed ring of protection from fire
Wands
 e - a wand of flame (74)
 r - a wand of acid (14)
 v - a wand of paralysis (8)
 y - a wand of digging (3)
 B - a wand of polymorph (8)
 G - a wand of disintegration (13)
 W - a wand of enslavement (5)
 Z - a wand of iceblast (19)
Scrolls
 h - 8 scrolls of immolation
 k - 14 scrolls of teleportation
 l - a scroll of brand weapon
 n - 4 scrolls of fog
 o - 16 scrolls of remove curse
 s - 4 scrolls of magic mapping
 A - 4 scrolls of blinking
 D - a scroll of enchant armour
 H - 2 scrolls of torment
 L - 3 scrolls of identify
 O - 3 scrolls of enchant weapon
 U - 5 scrolls of fear
Potions
 b - 3 potions of resistance
 g - 4 potions of stabbing
 i - 6 potions of curing
 p - 2 potions of ambrosia
 t - 2 potions of cancellation
 w - 2 potions of berserk rage
 x - 4 potions of might
 z - 5 potions of flight
 E - 5 potions of heal wounds
 I - 4 potions of mutation
 K - 7 potions of brilliance
 M - a potion of invisibility
 T - 3 potions of magic
Books
 R - a manual of Dodging


   Skills:
 + Level 15.3 Fighting
 + Level 14.3 Long Blades
 - Level 1.7 Throwing
 - Level 12.2 Dodging
 + Level 8.3 Shields
 + Level 21.0 Invocations


You had 15 spell levels left.
You didn't know any spells.
Your spell library contained the following spells:

 Spells                   Type           Power        Failure   Level
 Animate Skeleton         Necr           #.....       67%         1
 Apportation              Tloc           #.....       67%         1
 Beastly Appendage        Tmut           #.....       67%         1
 Corona                   Hex            #......      67%         1
 Freeze                   Ice            #...         67%         1
 Pain                     Necr           #...         67%         1
 Summon Small Mammal      Summ           #...         67%         1
 Blink                    Tloc           N/A          80%         2
 Ensorcelled Hibernation  Hex/Ice        #.....       80%         2
 Slow                     Hex            #.......     80%         2
 Sublimation of Blood     Necr           #.........   80%         2
 Wereblood                Tmut           #.......     80%         2
 Confusing Touch          Hex            #.......     95%         3
 Dazzling Flash           Conj/Hex       #.....       95%         3
 Frozen Ramparts          Ice            #.....       95%         3
 Gell's Gravitas          Tloc           #.........   95%         3
 Ignite Poison            Fire/Tmut/Pois #.......     95%         3
 Inner Flame              Hex/Fire       #.......     95%         3
 Lesser Beckoning         Tloc           #.........   95%         3
 Ozocubu's Armour         Ice            #.......     95%         3
 Portal Projectile        Hex/Tloc       #.....       95%         3
 Spider Form              Tmut/Pois      #.........   95%         3
 Teleport Other           Tloc           #.......     95%         3
 Tukima's Dance           Hex            #.......     95%         3
 Vampiric Draining        Necr           #.........   95%         3
 Animate Dead             Necr           #.........   100%        4
 Cause Fear               Hex            #.........   100%        4
 Hailstorm                Conj/Ice       #.......     100%        4
 Ice Form                 Ice/Tmut       #.......     100%        4
 Leda's Liquefaction      Hex/Erth       #.........   100%        4
 Passage of Golubria      Tloc           N/A          100%        4
 Summon Ice Beast         Ice/Summ       #.......     100%        4
 Agony                    Necr           #.......     100%        5
 Blade Hands              Tmut           #.........   100%        5
 Excruciating Wounds      Necr           #.........   100%        5
 Fireball                 Conj/Fire      #.........   100%        5
 Silence                  Hex/Air        #.........   100%        5
 Yara's Violent Unravell  Hex/Tmut       #.........   100%        5
 Starburst                Conj/Fire      #.........   100%        6
 Discord                  Hex            #.........   100%        8
 Ignition                 Fire           #.........   100%        8


Dungeon Overview and Level Annotations

Branches:
Dungeon (15/15)            Temple (0/1) D:4            Lair (6/6) D:11
 Shoals (0/4) Lair:3        Snake (0/4) Lair:4        Slime (0/5) Lair:6
    Orc (2/2) D:10            Elf (2/3) Orc:2        Vaults (0/5) D:13
 Depths (0/5) D:15        Volcano (visited)

Altars:
Ashenzari
Dithmenos
Elyvilon
Fedhas
Kikubaaqudgha
Makhleb
Nemelex Xobeh
Okawaru
Qazlal
Ru
Sif Muna
Trog
Uskayaw
The Shining One
Jiyva

Shops:
D:6 *(=   D:12 ?:   Orc:1 :   Orc:2 [}**[

Annotations:
D:7 exclusion: ice statue
D:8 2 exclusions
D:15 2 transporters, Ludicrosity's ghost, adept GrIE
Lair:2 1 runed translucent door, reriks's ghost, journeyman GnFi
Lair:3 exclusion: 2 oklob plants


Innate Abilities, Weirdness & Mutations

You have a pair of large horns on your head.
You are partially covered in iridescent scales. (AC +2)
You sometimes gain a little power by taking damage.
When hurt, damage is shared between your health and your magic reserves.
You regenerate magic rapidly.
When low on magic, you restore magic in place of health.


Message History

The deep elf mage casts a spell at you. The bolt of cold misses you.
You block the air elemental's attack.
The deep elf archer unwields a +0 dagger.
The deep elf archer wields a +0 longbow.
The deep elf archer shoots an arrow.
The arrow misses you.
The deep elf demonologist casts a spell.
The air elemental hits you!
The deep elf archer shoots an arrow.
The arrow closely misses you.
The deep elf demonologist casts a spell.
The deep elf mage gestures at you while chanting.
The bolt of cold hits you! You resist.
* * * LOW HITPOINT WARNING * * *
The deep elf knight gestures at you while chanting.
The stone arrow misses you. The air elemental closely misses you.
You see here an arrow.
Unknown command.
You are engulfed in raging winds.
You block the air elemental's attack. x2
The Hell Sentinel gestures at you. The iron shot hits you!!!
You die...

##...## ..[..#
##..)# ##'[..#
##(##'##
##.###.#
#####.## #.#
#...'## #)#
##...######@##
#.....##..§§E#
##)..##...§(e.#
#...#....1....#
#'###..e.e§§..#
#)#
#ee..§§§§§(.
#)#
#...4..2..###
#)# #.....?...#
#.# ##.......'#


You could see a Hell Sentinel, a shadow demon (summoned), a deep elf
demonologist, an orange demon (summoned), 2 deep elf archers, a deep elf knight,
a deep elf mage and an air elemental.

Vanquished Creatures
  Gastronok (D:12)
  A tentacled starspawn (Abyss:3)
  A fire giant (D:15)
  A cacodemon (Abyss:3)
  Nessos (D:13)
  A lorocyproca (Abyss:3)
  2 ettins
  A deep elf death mage (Elf:1)
  Josephine (D:10)
  A fire dragon (D:13)
  Erolcha (D:11)
  4 ogre magi (Orc:2)
  11 hydras
  A boulder beetle (D:14)
  A death knight (Abyss:3)
  4 centaur warriors
  19 two-headed ogres
  9 death yaks
  2 dancing weapons (Elf:1)
  3 thrashing horrors (Abyss:3)
  A hell hog (Abyss:3)
  Urug (Lair:3)
  A sun demon (Volcano)
  Sonja (Lair:3)
  A hell knight (Volcano)
  9 deep elf knights
  An iron troll (D:13)
  8 large abominations
  A skeletal warrior (D:10)
  4 unseen horrors
  A spatial maelstrom (Abyss:3)
  A wizard (D:15)
  7 deep elf archers
  29 deep elf magi
  3 necromancers
  An orc sorcerer (Orc:1)
  2 wolf spider zombies
  22 ugly things
  A merfolk siren (Lair:3)
  A cyclops (D:13)
  Joseph (D:10)
  9 black mambas
  A guardian serpent (Abyss:3)
  21 cane toads
  2 gargoyles
  11 komodo dragons
  A yaktaur (D:14)
  4 kobold demonologists (D:11)
  2 ancient zymes (Abyss:3)
  2 rime drakes
  2 efreet (D:14)
  10 polar bears
  10 trolls
  3 merfolk (Lair:3)
  A tengu conjurer (D:15)
  5 slime creatures (D:15)
  5 hornets
  9 dream sheep (Lair:6)
  21 blink frogs
  4 raiju (Abyss:3)
  A meliai zombie (D:15)
  A water elemental (Elf:1)
  Sigmund (D:6)
  5 wyverns
  Eustachio (D:6)
  3 air elementals
  3 ynoxinuls (Abyss:3)
  14 spriggans (Lair:6)
  42 yaks
  2 fire elementals (Elf:1)
  2 basilisks
  8 wraiths
  3 vampire mosquitoes (D:14)
  6 wargs
  Edmund (D:5)
  13 water moccasins
  A soldier ant (D:11)
  A floating eye (Lair:3)
  13 orc warriors
  A small abomination (Abyss:3)
  A meliai simulacrum (D:15)
  2 sky beasts
  5 black bears
  An eye of draining (D:15)
  6 ice beasts
  A necrophage (D:6)
  31 wolves
  12 centaurs
  4 boggarts (Lair:6)
  3 phantoms
  35 ogres
  2 elf zombies (Elf:1)
  A gnoll sergeant (D:9)
  21 bullfrogs
  4 big kobolds
  2 earth elementals (Elf:1)
  A wyvern zombie (D:7)
  10 scorpions
  24 wights
  19 killer bees
  3 howler monkeys
  3 centaur zombies
  A bullfrog zombie (D:11)
  3 quasits
  2 hounds
  Crazy Yiuf (D:7)
  9 orc priests
  6 iguanas
  3 jellies
  22 orc wizards
  5 bullfrog skeletons
  3 centaur skeletons
  13 worker ants
  Terence (D:3)
  A hound zombie (D:6)
  A hound skeleton (D:7)
  A worker ant zombie (D:5)
  A howler monkey zombie (D:11)
  27 adders
  3 gnolls (D:9)
  A howler monkey skeleton (D:8)
  4 white imps
  2 ufetubi
  9 oozes
  An adder zombie (D:5)
  An adder skeleton (D:8)
  3 worms
  2 dart slugs
  4 leopard geckos
  62 orcs
  4 ball pythons
  5 giant cockroaches
  3 goblins
  11 hobgoblins
  12 jackals
  30 kobolds
  8 quokkas
  11 bats
  9 frilled lizards
  A jackal skeleton (D:4)
  A jackal zombie (D:7)
  A leopard gecko skeleton (D:6)
  A quokka skeleton (D:4)
  4 rats
892 creatures vanquished.

Vanquished Creatures (others)
  2 deep elf magi (Elf:2)
  A vampire mosquito (D:14)
  An iguana (D:14)
  An orc (D:4)
  103 fungi
  102 plants
  9 starspawn tentacles (Abyss:3)
  6 toadstools (D:2)
  5 withered plants (D:7)
230 creatures vanquished.

Grand Total: 1122 creatures vanquished

Notes
Turn   | Place    | Note
-------+----------+-------------------------------------------
     0 | D:1      | grandjackal the Demonspawn Gladiator began the quest for
                  | the Orb.
     0 | D:1      | Reached XP level 1. HP: 16/16 MP: 1/1
   118 | D:1      | Gained mutation: You sometimes gain a little power by
                  | taking damage. [demonic ancestry]
   118 | D:1      | Reached XP level 2. HP: 16/22 MP: 2/2
   844 | D:2      | Reached XP level 3. HP: 21/28 MP: 3/3
  1004 | D:2      | Found a faded altar of an unknown god.
  1022 | D:2      | Found a stormy altar of Qazlal.
  1046 | D:2      | Found a blossoming altar of Fedhas.
  1621 | D:2      | Gained mutation: When hurt, damage is shared between your
                  | health and your magic reserves. [demonic ancestry]
  1621 | D:2      | Reached XP level 4. HP: 31/34 MP: 4/4
  1997 | D:2      | Gained mutation: You regenerate magic rapidly. [demonic
                  | ancestry]
  1997 | D:2      | Reached XP level 5. HP: 32/41 MP: 3/5
  2248 | D:3      | Noticed Terence
  2332 | D:3      | Killed Terence
  2830 | D:3      | Found a shadowy altar of Dithmenos.
  3020 | D:3      | Became a worshipper of Dithmenos the Shadowed
  3319 | D:4      | Reached skill level 1 in Invocations
  3321 | D:4      | Gained mutation: You have a pair of small horns on your
                  | head. [demonic ancestry]
  3321 | D:4      | Reached XP level 6. HP: 43/48 MP: 5/7
  3618 | D:4      | Reached skill level 2 in Invocations
  4021 | D:4      | Reached * piety under Dithmenos
  4028 | D:4      | Reached skill level 3 in Invocations
  4028 | D:4      | Reached XP level 7. HP: 49/55 MP: 5/9
  4379 | D:4      | Found a staircase to the Ecumenical Temple.
  4735 | D:5      | Entered Level 5 of the Dungeon
  5143 | D:5      | Found a white marble altar of Elyvilon.
  5249 | D:5      | Reached skill level 5 in Long Blades
  5249 | D:5      | Reached skill level 4 in Invocations
  5276 | D:5      | Reached skill level 5 in Fighting
  5276 | D:5      | Reached skill level 5 in Dodging
  5680 | D:5      | Noticed Edmund
  5698 | D:5      | Killed Edmund
  5698 | D:5      | Gained mutation: You have a pair of horns on your head.
                  | [demonic ancestry]
  5698 | D:5      | Reached XP level 8. HP: 38/62 MP: 8/11
  5916 | D:5      | Found a sparkling altar of Nemelex Xobeh.
  6425 | D:6      | Reached skill level 5 in Invocations
  6613 | D:6      | Found a sacrificial altar of Ru.
  6639 | D:6      | Noticed Sigmund
  6656 | D:6      | Killed Sigmund
  6856 | D:6      | Found Vaakyury's General Store.
  6865 | D:6      | Bought 2 potions of resistance for 260 gold pieces
  6983 | D:6      | Reached skill level 6 in Invocations
  7037 | D:6      | Found Mecraet's Jewellery Shop.
  7326 | D:6      | Reached XP level 9. HP: 70/70 MP: 13/13
  7341 | D:6      | Found Ceicuc's Weapon Shop.
  7365 | D:6      | Reached ** piety under Dithmenos
  7613 | D:6      | Reached skill level 7 in Invocations
  7719 | D:6      | Found a burning altar of Makhleb.
  7781 | D:6      | Noticed Eustachio
  7792 | D:6      | Killed Eustachio
  7908 | D:6      | Noticed a cacodemon
  8003 | D:6      | Bought a +0 cloak of preservation for 149 gold pieces
  8410 | D:7      | Reached skill level 8 in Invocations
  8520 | D:7      | Found an ancient bone altar of Kikubaaqudgha.
  8737 | D:7      | Found a bloodstained altar of Trog.
  8952 | D:7      | Found a runed translucent door.
  8954 | D:7      | Noticed Crazy Yiuf
  9004 | D:7      | Noticed an ice statue
  9127 | D:7      | Killed Crazy Yiuf
  9168 | D:8      | Reached *** piety under Dithmenos
  9454 | D:8      | Found a broken altar of Ashenzari.
  9568 | D:8      | Found a hide-covered altar of Uskayaw.
  9956 | D:9      | Reached XP level 10. HP: 79/79 MP: 16/16
  9965 | D:9      | Found a glowing golden altar of the Shining One.
  9966 | D:9      | Found a burning altar of Makhleb.
  9966 | D:9      | Found a shimmering blue altar of Sif Muna.
 10046 | D:9      | Noticed a two-headed ogre
 10275 | D:9      | Noticed a two-headed ogre
 10288 | D:9      | Identified the +1 ring mail of the Learner {+Blink rPois
                  | rF++ Str-4}
 10305 | D:9      | Killed a two-headed ogre
 10305 | D:9      | Reached skill level 9 in Invocations
 10314 | D:9      | Identified 2 scrolls of acquirement
 10628 | D:9      | Killed a two-headed ogre
 11254 | D:9      | Found an iron altar of Okawaru.
 11352 | D:9      | Acquired the ring of Attitude {rC+ rCorr}
 11355 | D:9      | Acquired a manual of Invocations
 11361 | D:10     | Entered Level 10 of the Dungeon
 11367 | D:10     | Reached **** piety under Dithmenos
 11440 | D:10     | Reached skill level 10 in Invocations
 11839 | D:10     | Noticed a centaur warrior
 11848 | D:10     | Killed a centaur warrior
 11959 | D:10     | Noticed Josephine
 11976 | D:10     | Killed Josephine
 11976 | D:10     | Reached skill level 11 in Invocations
 11976 | D:10     | Gained mutation: When low on magic, you restore magic in
                  | place of health. [demonic ancestry]
 11976 | D:10     | Reached XP level 11. HP: 74/89 MP: 16/19
 12142 | D:10     | Noticed Joseph
 12155 | D:10     | Killed Joseph
 12754 | D:10     | Noticed a five-headed hydra
 12754 | D:10     | Noticed a skeletal warrior
 12767 | D:10     | Killed a five-headed hydra
 12767 | D:10     | Reached skill level 12 in Invocations
 12771 | D:10     | Killed a skeletal warrior
 12890 | D:10     | Found a staircase to the Orcish Mines.
 12899 | D:10     | Reached ***** piety under Dithmenos
 13203 | D:11     | Found a staircase to the Lair.
 13209 | D:11     | Noticed Erolcha
 13223 | D:11     | Killed Erolcha
 13414 | D:11     | Noticed a sixfirhy
 13417 | D:11     | Noticed a sixfirhy
 13422 | D:11     | Reached skill level 13 in Invocations
 13743 | D:11     | Killed an unseen horror
 13743 | D:11     | Reached skill level 10 in Fighting
 13751 | D:11     | Got a brightly glowing leather armour
 13984 | D:11     | Noticed a white ugly thing
 14000 | D:11     | Killed an unseen horror
 14001 | D:11     | Noticed a two-headed ogre
 14008 | D:11     | Killed a white ugly thing
 14018 | D:11     | Killed a two-headed ogre
 14018 | D:11     | Reached XP level 12. HP: 52/97 MP: 16/22
 14038 | D:11     | Reached skill level 14 in Invocations
 14206 | D:11     | Found the +7 Singing Sword {vorpal, sonic wave}
 14241 | D:11     | Noticed a two-headed ogre
 14249 | D:11     | Killed a two-headed ogre
 14358 | D:11     | Identified the +1 leather armour of Conscience {Int+2 Dex+6
                  | Stlth+} (You found it on level 11 of the Dungeon)
 14560 | D:12     | Noticed an eight-headed hydra
 14577 | D:11     | Killed an eight-headed hydra
 14577 | D:11     | Reached skill level 10 in Long Blades
 14577 | D:11     | Reached skill level 10 in Dodging
 14714 | D:12     | Found Qiuffas's Book Emporium.
 14954 | D:12     | Reached skill level 15 in Invocations
 14985 | D:12     | Found Zoucojig's Magic Scroll Emporium.
 14990 | D:12     | Bought a scroll of random uselessness for 13 gold pieces
 15009 | D:12     | Noticed Gastronok
 15025 | D:12     | Killed Gastronok
 15562 | D:13     | Noticed Nessos
 15573 | D:13     | Killed Nessos
 15573 | D:13     | Reached skill level 16 in Invocations
 15619 | D:13     | Reached XP level 13. HP: 30/106 MP: 25/25
 15638 | D:13     | Found a flickering gateway to a bazaar.
 15658 | Bazaar   | Entered a bazaar
 16013 | Bazaar   | Found Coexouke's Jewellery Boutique.
 16017 | Bazaar   | Found Bemmiyru's Distillery.
 16017 | Bazaar   | Found Qicugg's Book Boutique.
 16017 | Bazaar   | Found Acserom's Book Boutique.
 16120 | D:13     | Noticed a fire dragon
 16250 | Orc:1    | Entered Level 1 of the Orcish Mines
 16281 | Orc:1    | Noticed an ettin
 16291 | Orc:1    | Killed an ettin
 16720 | Orc:2    | Entered Level 2 of the Orcish Mines
 16720 | Orc:2    | Found Solem's Armour Boutique.
 16760 | Orc:2    | Reached skill level 17 in Invocations
 16764 | Orc:2    | Found Urytoum's General Store.
 16764 | Orc:2    | Found Gulufi's Antique Armour Shoppe.
 16765 | Orc:2    | Found Dedogeef's Assorted Antiques.
 16765 | Orc:2    | Found Feceapn's Gadget Boutique.
 16770 | Orc:2    | Reached ****** piety under Dithmenos
 16772 | Orc:2    | Reached skill level 18 in Invocations
 16807 | Orc:2    | Found a staircase to the Elven Halls.
 16807 | Orc:2    | Noticed an ettin
 16814 | Orc:2    | Killed an ettin
 17146 | Orc:1    | Found Vuamaxek's Book Shoppe.
 17427 | Orc:2    | Bought a scroll labeled ZUTAUZUMPI for 41 gold pieces
 17429 | Orc:2    | Bought a dented pearl amulet for 205 gold pieces
 17861 | Lair:1   | Entered Level 1 of the Lair of Beasts
 17897 | Lair:1   | Reached XP level 14. HP: 49/116 MP: 14/27
 18009 | Lair:1   | Found a dark tunnel.
 18134 | Volcano  | Entered a volcano
 20000 | Lair:2   | Found a runed translucent door.
 20038 | Lair:2   | Identified the +5 spear "Lokkox" {flame, *Corrode rElec
                  | rPois rN+++}
 20039 | Lair:2   | Noticed reriks's ghost (journeyman GnFi)
 20581 | Lair:3   | Noticed Sonja
 20582 | Lair:3   | Killed Sonja
 21257 | Lair:3   | Found a staircase to the Shoals.
 21270 | Lair:3   | Noticed Urug
 21281 | Lair:3   | Killed Urug
 21447 | Lair:3   | Reached skill level 1 in Shields
 22321 | Lair:4   | Reached skill level 19 in Invocations
 23338 | Lair:4   | Found a staircase to the Snake Pit.
 23991 | Lair:5   | Gained mutation: You have a pair of large horns on your
                  | head. [demonic ancestry]
 23991 | Lair:5   | Reached XP level 15. HP: 124/124 MP: 28/28
 24973 | Lair:6   | Entered Level 6 of the Lair of Beasts
 24973 | Lair:6   | Found a staircase to the Slime Pits.
 24973 | Lair:6   | Found a viscous altar of Jiyva.
 25479 | Lair:6   | Identified the +10 plate armour of Prudence {-Tele Int+10
                  | Dex-5}
 25836 | Lair:6   | Reached skill level 5 in Shields
 26838 | Orc:2    | Bought a runed kite shield for 195 gold pieces
 27316 | D:13     | Found a gate to the Vaults.
 27820 | D:14     | Found a sacrificial altar of Ru.
 27824 | D:14     | Reached skill level 20 in Invocations
 28447 | D:15     | Entered Level 15 of the Dungeon
 28642 | D:15     | Noticed a fire giant
 28649 | D:15     | Killed a fire giant
 28753 | D:15     | Found a staircase to the Depths.
 28761 | D:15     | Gained mutation: You are partially covered in iridescent
                  | scales. (AC +2) [demonic ancestry]
 28761 | D:15     | Reached XP level 16. HP: 134/134 MP: 30/30
 28897 | D:15     | Found a bloodstained altar of Trog.
 29120 | D:15     | Paralysed by a wizard for 5 turns
 29328 | D:15     | Found a transporter.
 29328 | D:15     | Identified the cursed +1 great mace of Spores {vamp, rN+
                  | Dex+3}
 29524 | D:15     | Identified the +5 great mace of the Gloaming {vamp, +Rage
                  | Str+3}
 29525 | D:15     | Noticed Ludicrosity's ghost (adept GrIE)
 29538 | D:15     | Found a transporter.
 29541 | D:15     | Identified the +8 double sword of Midnight {antimagic, MR+}
 29764 | Elf:1    | Entered Level 1 of the Elven Halls
 30490 | Elf:1    | Acquired a manual of Dodging
 30493 | Elf:1    | Acquired 1128 gold pieces
 30496 | Elf:1    | Acquired a +0 kite shield of poison resistance
 30651 | Elf:1    | Identified the Guide on Black Magic
 31548 | Elf:2    | Reached skill level 15 in Fighting
 31591 | Elf:2    | Noticed an Ice Fiend
 31595 | Elf:2    | Cast into level 3 of the Abyss (a deep elf demonologist)
 31655 | Abyss:3  | Noticed a tentacled starspawn
 31662 | Abyss:3  | Found a corrupted altar of Lugonu.
 31674 | Abyss:3  | Found a corrupted altar of Lugonu.
 31995 | Abyss:3  | Found a corrupted altar of Lugonu.
 32068 | Abyss:3  | Reached skill level 21 in Invocations
 32170 | Abyss:3  | Noticed a Hell Sentinel
 32179 | Abyss:3  | Noticed a tentacled starspawn
 32182 | Abyss:3  | Killed a tentacled starspawn
 32184 | Elf:2    | Escaped the Abyss
 32185 | Elf:2    | Killed from afar by a Hell Sentinel

Illustrated notes

Levels and vault maps discovered:
D:1:      evilmike_arrival_come_back, layout_rooms, kennysheep_pointless_box
D:2:      cheibrodos_fertilizer, layout_basic, nicolae_qazlal_general_emergency,
          nicolae_overflow_crystal_walls, chequers_ecumenical_altar_simple,
          grunt_ministairs_9, minmay_diced_spiral
D:3:      layout_rooms, nicolae_dithmenos_shadow_blocks, uniq_terence
D:4:      layout_cave_pods, temple_statues, st_stairs_11
D:5:      layout_basic, elyvilon_altar_4, kennysheep_mini_moat, uniq_edmund
D:6:      layout_basic, lemuel_crystal_altar, serial_shops, shop,
          nicolae_shop_crystal, shop, minmay_curled_crystal,
          makhleb_altar_promises_db, uniq_sigmund, uniq_eustachio
D:7:      lemuel_ice_statue, layout_basic, kiku_gazebo_garden_becter,
          lemuel_round_altar, uniq_crazy_yiuf_cottage
D:8:      layout_cave_pools, old_standard_altar, lemuel_centaur_altar
D:9:      layout_rooms, gammafunk_temple_overflow_claw,
          lemuel_coloured_pillars_altar
D:10:     kennysheep_blocky_room, layout_irregular_city, orc_0_dummy, eino_jars,
          uniq_joseph, uniq_josephine
D:11:     old_forge, layout_basic, lair_entry_dummy, uniq_erolcha
D:12:     layout_basic, serial_shops, shop, kennysheep_little_box,
          uniq_gastronok
D:13:     layout_basic, david_vaults_4, serial_shops, bzr_in_the_mist,
          uniq_nessos
D:14:     layout_cave_pods, nicolae_ru_awakened_eye
D:15:     grunt_enter_depths_giant_problem, layout_loops_ring,
          hangedman_decor_opposing, gammafunk_ghost_wrathful_warriors
Lair:1:   layout_gridlike, nicolae_volcano_entry_two_sided, beast_lair_carwin_8
Lair:2:   layout_regular_city, ebering_ghost_funeral_grove, grunt_megastairs_2,
          lemuel_fruit_tree, serial_bayou_shore_a, lemuel_fruit_fields
Lair:3:   layout_small_grid, elwin_shoals_entry_stream, disabler_island,
          grunt_megastairs_5, uniq_urug, uniq_sonja
Lair:4:   layout_concentric_octagons, minmay_snake_entry_six_corridors,
          grunt_megastairs_3, infiniplex_staircase_pool
Lair:5:   layout_gridlike, cheibrodos_lair_reptile_den
Lair:6:   minmay_lair_end_enchanted_forest, layout_concentric_octagons,
          slime_altar_1, chequers_serial_rivers_room_b, st_stairs_9
Orc:1:    layout_diamond_mine, serial_shops, shop
Orc:2:    st_orc_ogre_mass, layout_caves, serial_shops, shop
Elf:1:    minmay_elf_arrival_circle, layout_loops_corners,
          portal_desolation_entry_ruin, minmay_elf_necromancy
Elf:2:    layout_geoelf_octagon, uniq_agnes

Skill      XL: |  1  2  3  4  5  6  7  8  9 10 11 12 13 14 15 16 |
---------------+-------------------------------------------------+-----
Long Blades    | 3 4 5 6 7 8 9 10 11 12 13 14 | 14.3
Dodging        | 3 4 5 6 7 8 9 10 11 12 | 12.2
Fighting       | 3 4 5 6 7 9 10 11 12 13 14 15 | 15.3
Invocations    | 1 3 4 6 8 11 13 16 18 19 20 21 | 21.0
Shields        | 3 6 8 |  8.3
Throwing       | |  1.7

Action                   |  1- 3 |  4- 6 |  7- 9 | 10-12 | 13-15 | 16-18 || total
-------------------------+-------+-------+-------+-------+-------+-------++-------
Melee: Long sword        |   119 |   130 |   207 |       |       |       ||   456
       Headbutt          |       |    13 |    74 |   135 |   198 |    74 ||   494
       Scimitar          |       |       |   106 |   330 |    32 |       ||   468
       Double sword      |       |       |       |    96 |   589 |   247 ||   932
       Dagger            |       |       |       |     2 |    11 |       ||    13
Throw: Throwing net      |       |       |       |     3 |     4 |       ||     7
Evoke: Wand              |       |       |       |    16 |       |       ||    16
  Use: Scroll            |     8 |     4 |    10 |    12 |     6 |     7 ||    47
       Potion            |       |     1 |       |     2 |     3 |     2 ||     8
 Stab: Sleeping          |     1 |     2 |     2 |     3 |    21 |     6 ||    35
       Invisible         |       |     2 |     1 |       |       |       ||     3
       Held in net/web   |       |       |       |     2 |     1 |       ||     3
       Distracted        |       |       |       |     1 |     7 |     1 ||     9
Armor: Leather armour    |    43 |    35 |    18 |    16 |    82 |    16 ||   210
       Robe              |       |       |    30 |    14 |       |       ||    44
       Ring mail         |       |       |       |    77 |       |       ||    77
Dodge: Dodged            |    97 |   124 |   245 |   447 |   612 |   120 ||  1645
Block: Other             |       |       |       |       |    99 |       ||    99
       Buckler           |       |       |       |       |    50 |    25 ||    75
       Reflection        |       |       |       |       |     7 |     9 ||    16
       Kite shield       |       |       |       |       |       |    82 ||    82
       Rpst.: Long sword |    37 |    32 |    46 |       |       |       ||   115
       Scimitar          |       |       |    27 |   102 |     9 |       ||   138
       Double sword      |       |       |       |    25 |   126 |    26 ||   177

Table legend: (Time is in decaauts)
 A = Elapsed time spent in this place.
 B = Non-inter-level travel time spent in this place.
 C = Inter-level travel time spent in this place.
 D = Time resting spent in this place.
 E = Time spent auto-exploring this place.
 F = Levels seen in this place.
 G = Mean time per level.
                   A        B        C        D        E       F      G
               +--------+--------+--------+--------+--------+-----+--------+
         Total |  32183 |  30740 |   1443 |   8784 |  16520 |  28 | 1149.4 |
       Dungeon |  18842 |  17859 |    983 |   5376 |   9313 |  15 | 1256.1 |
          Lair |   8526 |   8282 |    244 |   2075 |   4952 |   6 | 1421.0 |
  Orcish Mines |   1710 |   1503 |    207 |    405 |    795 |   2 |  855.0 |
   Elven Halls |   1833 |   1825 |      8 |    245 |   1238 |   2 |  916.5 |
         Abyss |    588 |    588 |      0 |    329 |      0 |   1 |  588.0 |
        Bazaar |    386 |    386 |      0 |    353 |      0 |   1 |  386.0 |
       Volcano |    294 |    294 |      0 |      0 |    221 |   1 |  294.0 |
               +--------+--------+--------+--------+--------+-----+--------+

Top non-repeatable levels by time:
    D:10: 1995 daAuts
  Lair:3: 1980 daAuts
   Elf:1: 1781 daAuts
  Lair:6: 1681 daAuts
     D:5: 1667 daAuts
     D:2: 1599 daAuts
  Lair:2: 1546 daAuts
     D:6: 1545 daAuts
     D:9: 1496 daAuts
    D:11: 1390 daAuts
  Lair:4: 1324 daAuts
     D:4: 1293 daAuts
     D:7: 1237 daAuts
  Lair:1: 1167 daAuts
    D:15: 1166 daAuts
